 Dungeon Crawl Stone Soup version 0.31-a0-152-g6aa68a64a1 (webtiles) character file.

Game seed: 2602619378190405627

63 qw the Shooter (level 4, -7/39 HPs)
             Began as a Naga Hunter on June 10, 2023.
             Mangled by a gnoll
             ... wielding a +0 flail
              (13 damage)
             ... on level 2 of the Dungeon.
             The game lasted 00:00:23 (838 turns).

qw the Shooter (Naga Hunter)                         Turns: 838, Time: 00:00:23

Health: -7/39      AC:  2    Str: 13    XL:     4   Next: 10%
Magic:  4/4        EV:  9    Int:  9    God:
Gold:   41         SH:  0    Dex: 17    Spells: 3/3 levels left

rFire   . . .        Y - +0 shortbow
rCold   . . .        (shield currently unavailable)
rNeg    . . .        c - +0 leather armour
rPois   +            (no helmet)
rElec   .            (no cloak)
rCorr   .            (no gloves)
SInv    +            (no barding)
Will    .....        (no amulet)
Stlth   ++           (no ring)
HPRegen 0.26/turn    (no ring)
MPRegen 0.09/turn

%: no passive effects
@: short of breath, very slow
A: AC +1, large, see invisible, deformed body, poison resistance, slowness 2,
spit poison 1, naga tail 1
a: Spit Poison


You were on level 2 of the Dungeon.
You visited 1 branch of the dungeon, and saw 2 of its levels.

You collected 41 gold pieces.


Innate Abilities, Weirdness & Mutations

Your serpentine skin is tough. (AC +1)
You have supernaturally acute eyesight. (SInv)
Armour fits poorly on your strangely shaped body.
Your system is resistant to poisons. (rPois)
You cover ground very slowly.
You can spit poison.
You have a snake-like lower body.


   Skills:
 + Level 2.0 Fighting
 - Level 5.0 Ranged Weapons
 - Level 1.5 Dodging
 - Level 1.5 Stealth


You had 3 spell levels left.
You didn't know any spells.
Your spell library was empty.

Inventory:

Hand Weapons
 Y - a +0 shortbow (weapon)
Armour
 c - a +0 leather armour (worn)
Potions
 f - a potion of berserk rage {unknown}
 g - 2 potions of curing {unknown}
 h - a potion of attraction {unknown}
 j - a potion of might {unknown}

Dungeon Overview and Level Annotations

Branches:
Dungeon (2/15)

Altars:
Qazlal


Message History

You shoot an arrow. The arrow closely misses the gnoll.
You shoot an arrow. The arrow hits the gnoll.
The gnoll is lightly wounded.
The gnoll barely misses you.
A gnoll comes into view. It is wielding a +0 flail.
You shoot an arrow. The arrow hits the gnoll.
The gnoll is moderately wounded.
You shoot an arrow.
The arrow hits the gnoll but does no damage.
The gnoll is moderately wounded.
You have got your breath back.
The gnoll hits you from afar with a +0 heavy spear.
833 ||| INVOKING Spit Poison.
Aiming: Spit Poison (2% risk of failure)
Press: ? - help, Shift-Dir - straight line, f/p - gnoll The splash of poison hits the gnoll.
The gnoll is poisoned.
The gnoll is severely wounded.
The gnoll hits you from afar with a +0 heavy spear!
A hobgoblin comes into view.
You shoot an arrow.
The arrow hits the gnoll but does no damage.
The gnoll is severely wounded.
The gnoll hits you from afar with a +0 heavy spear!
You shoot an arrow. The arrow hits the gnoll.
You kill the gnoll!
Your Ranged Weapons skill increases to level 5!
You have reached level 4!
You feel agile.
You shoot an arrow. The arrow barely misses the gnoll.
The arrow completely misses the gnoll.
You have got your breath back.
837 ||| INVOKING Spit Poison.
Aiming: Spit Poison (1% risk of failure)
Press: ? - help, Shift-Dir - straight line, f - gnoll, p - gnoll The splash of poison hits the gnoll.
The gnoll is moderately wounded.
The gnoll closely misses you. The gnoll barely misses you.
You shoot an arrow. The arrow hits the gnoll.
The gnoll is moderately wounded.
The gnoll hits you with a +0 flail!
You die...

.... ...# ...
...##### ...
...#...# ._..
.}.#.>.# .....
...#...# ##...
+#+#'#+##### .g.
.......'...#
###g#
.8.....#.>.#
#.@g#
.......+...#
##.###
+#)#+#+#####
#..# ...#...#
##.## .}.#.>.#
####..#
...#...###....##
...######..####
...######.##
..........#


You could see 2 gnolls and a hobgoblin.

Vanquished Creatures
  2 gnolls (D:2)
  A dart slug (D:1)
  2 ball pythons (D:1)
  5 endoplasms (D:1)
  4 giant cockroaches (D:1)
  5 hobgoblins
  7 jackals (D:1)
  5 kobolds
  A bat (D:1)
  2 frilled lizards (D:1)
  A goblin (D:1)
  2 rats (D:1)
37 creatures vanquished.

Notes
Turn   | Place    | Note
-------+----------+-------------------------------------------
     0 | D:1      | qw the Naga Hunter began the quest for the Orb.
     0 | D:1      | Reached XP level 1. HP: 19/19 MP: 1/1
     0 | D:1      | 0 ||| qw: Version: 0.2-a-122-gbc61b45
     0 | D:1      | 0 ||| qw: Game counter: 3568
     0 | D:1      | 0 ||| qw: Always use a shield: true
     0 | D:1      | 0 ||| qw: God list: Okawaru
     0 | D:1      | 0 ||| qw: Allow faded altars: false
     0 | D:1      | 0 ||| qw: Do Orc after D:15 true
     0 | D:1      | 0 ||| qw: Do second Lair branch before Depths: true
     0 | D:1      | 0 ||| qw: Lair rune preference: random
     0 | D:1      | 0 ||| qw: Plans: Normal
     0 | D:1      | 0 ||| PLANNING D:1-11
    15 | D:1      | 15 ||| INVOKING Spit Poison.
    52 | D:1      | 52 ||| INVOKING Spit Poison.
    78 | D:1      | 78 ||| INVOKING Spit Poison.
    98 | D:1      | 98 ||| INVOKING Spit Poison.
   102 | D:1      | Reached skill level 4 in Ranged Weapons
   102 | D:1      | Reached XP level 2. HP: 26/26 MP: 2/2
   102 | D:1      | 102 ||| INVOKING Spit Poison.
   106 | D:1      | 106 ||| INVOKING Spit Poison.
   123 | D:1      | 123 ||| INVOKING Spit Poison.
   129 | D:1      | 129 ||| INVOKING Spit Poison.
   132 | D:1      | 132 ||| INVOKING Spit Poison.
   263 | D:1      | 263 ||| INVOKING Spit Poison.
   277 | D:1      | 277 ||| INVOKING Spit Poison.
   285 | D:1      | Reached XP level 3. HP: 32/32 MP: 3/3
   375 | D:1      | 375 ||| INVOKING Spit Poison.
   379 | D:1      | 379 ||| INVOKING Spit Poison.
   384 | D:1      | 384 ||| INVOKING Spit Poison.
   411 | D:1      | 411 ||| INVOKING Spit Poison.
   428 | D:1      | 428 ||| INVOKING Spit Poison.
   430 | D:1      | 430 ||| INVOKING Spit Poison.
   433 | D:1      | 433 ||| INVOKING Spit Poison.
   460 | D:1      | Found a faded altar of an unknown god.
   474 | D:1      | 474 ||| INVOKING Spit Poison.
   495 | D:1      | 495 ||| INVOKING Spit Poison.
   639 | D:1      | 639 ||| INVOKING Spit Poison.
   691 | D:1      | 691 ||| READING scroll labelled WEGOIQ IN ITA.
   692 | D:1      | 692 ||| READING 2 scrolls labelled DELLED SOKYTU.
   693 | D:1      | 693 ||| READING scroll labelled OFIDGH ZOOPH.
   694 | D:1      | 694 ||| DROPPING scroll of butterflies.
   695 | D:1      | 695 ||| DROPPING scroll of fear.
   767 | D:2      | 767 ||| INVOKING Spit Poison.
   786 | D:2      | 786 ||| INVOKING Spit Poison.
   816 | D:2      | Found a stormy altar of Qazlal.
   823 | D:2      | 823 ||| INVOKING Spit Poison.
   827 | D:2      | 827 ||| INVOKING Spit Poison.
   833 | D:2      | 833 ||| INVOKING Spit Poison.
   834 | D:2      | HP: 3/32 [gnoll/+0 heavy spear (8)]
   836 | D:2      | Reached skill level 5 in Ranged Weapons
   836 | D:2      | Reached XP level 4. HP: 5/39 MP: 4/4
   837 | D:2      | 837 ||| INVOKING Spit Poison.
   838 | D:2      | Mangled by a gnoll

Levels and vault maps discovered:
D:1:      giann_horns, layout_rooms, serial_curves, eino_curves_02,
          eino_curves_04, shapermc_ecumenical_altar_flowoftime,
          roderic_lattice_a, chequers_serial_rivers_small_b
D:2:      layout_basic, basic_altar, serial_shops, nicolae_lakefront_shop,
          chequers_serial_rivers_micro_e, nicolae_elevator_lobby_plus

Skill      XL: |  1  2  3 |
---------------+----------+-----
Ranged Weapons | 4 5 |  5.0
Fighting       | |  2.0
Dodging        | |  1.5
Stealth        | |  1.5

Action                     |  1- 3 |  4- 6 || total
---------------------------+-------+-------++-------
   Fire: Shortbow          |    61 |     2 ||    63
Ability: Spit Poison       |    25 |     1 ||    26
    Use: Scroll            |     3 |       ||     3
 Armour: Leather armour    |     1 |       ||     1
  Dodge: Dodged            |     3 |     2 ||     5

Table legend:
 A = Non-vault XP
 B = Vault XP
 C = Vault XP percentage of total XP
 D = Non-vault monster count
 E = Vault monster count
 F = Vault count percentage of total count
                 A         B        C        D         E       F
            +---------+---------+-------+---------+---------+-------
      Total |      91 |       0 |   0.0 |      37 |       0 |   0.0
            +---------+---------+-------+---------+---------+-------
        D:1 |      57 |       0 |   0.0 |      32 |       0 |   0.0
        D:2 |      34 |       0 |   0.0 |       5 |       0 |   0.0
            +---------+---------+-------+---------+---------+-------
